 Dungeon Sprint DCSS version 0.18-a0-1161-g35e6b65 (console) character file.

34749 sorlin the Marksspriggan (level 12, -3/66 (70) HPs)
             Began as a Spriggan Enchanter on Jan 25, 2016.
             Was the Champion of Jiyva.
             Engulfed by a cloud of foul pestilence (7 damage)
             ... in the Dungeon (Sprint III: "The Ten Rune Challenge").
             The game lasted 00:46:30 (4322 turns).

sorlin the Marksspriggan (Spriggan Enchanter)       Turns: 4322, Time: 00:46:30

HP:   -3/66 (70)    AC:  7    Str:  6    XL:     12   Next: 56%
MP:   31/31         EV: 33    Int: 19    God:    Jiyva [******]
Gold: 937           SH:  0    Dex: 19    Spells: 9 memorised, 11 levels left

rFire  + . .     SeeInvis +     C - +0 dagger (venom)
rCold  . . .     Gourm    .     D - +2 robe {rF+}
rNeg   . . .     Faith    .     (shield restricted)
rPois  .         Spirit   .     (helmet restricted)
rElec  +         Dismiss  .     (no cloak)
rCorr  +         Reflect  .     (gloves unavailable)
SustAt .         Harm     .     (boots unavailable)
MR     +++..     Clarity  +     (no amulet)
Stlth  +++++++... NoTele   +    (no ring)
                                (no ring)

@: lethally poisoned (-3 -> -131), non-regenerating, diseased, slowed, quick,
extremely resistant to hostile enchantments, extremely stealthy
A: unfitting armour, hooves 1, horns 1, slimy green scales 1, see invisible,
clarity, herbivore 3, speed 3, magic resistance 1, electricity resistance, slow
metabolism 2, strong 1, acidic bite, eyeballs 2, gelatinous body 2, translucent
skin 1, evolution 1
a: Request Jelly, Jelly Paralyse, Slimify, Cure Bad Mutation, Renounce Religion
}: 1/10 runes: serpentine


You were in the Dungeon.
You worshipped Jiyva.
Jiyva was exalted by your worship.
You were very full.

You visited 1 branch You collected 1021 gold pieces.
You spent 84 gold pieces at shops.

Inventory:

Hand Weapons
 l - a +0 blowgun
 B - a +0 shortbow of velocity
 C - a +0 dagger of venom (weapon)
Missiles
 a - 58 arrows
 E - 7 curare-tipped needles
 G - 5 needles of sleeping
 H - 5 needles of paralysis
Armour
 D - a +2 robe of fire resistance (worn)
Wands
 v - a wand of polymorph (16/24)
Scrolls
 b - a scroll of identify
 j - a scroll of blinking
 k - a scroll of amnesia
 n - a scroll of holy word
 o - a scroll of enchant armour
 q - a scroll of immolation
 r - 2 scrolls of remove curse
 F - a scroll of fog
Potions
 e - a potion of curing
 f - a potion of heal wounds
 g - a potion of haste
 h - 2 potions of magic
 m - 2 potions of mutation {unknown}
 p - a potion of cure mutation
 t - a potion of invisibility
 u - 3 potions of flight
 x - a potion of might
 z - a potion of berserk rage
Books
 c - a book of Maledictions

   Spells                             Type                      Level
   a - Corona                         Hexes                        1
   b - Ensorcelled Hibernation        Hexes/Ice                    2
   c - Confuse                        Hexes                        3
   d - Tukima's Dance                 Hexes                        3
   e - Dazzling Spray                 Conjuration/Hexes            3
 y - a book of the Dragon

   Spells                             Type                      Level
   a - Flame Tongue                   Conjuration/Fire             1
   b - Cause Fear                     Hexes                        4
   c - Bolt of Fire                   Conjuration/Fire             6
   d - Dragon Form                    Transmutation                7
   e - Dragon's Call                  Summoning                    9
 A - a book of Death

   Spells                             Type                      Level
   a - Corpse Rot                     Necromancy                   2
   b - Sublimation of Blood           Necromancy                   2
   c - Agony                          Necromancy                   5
   d - Dispel Undead                  Necromancy                   5
   e - Excruciating Wounds            Charms/Necromancy            5
   f - Bolt of Draining               Conjuration/Necromancy       5
Miscellaneous
 w - a sack of spiders
Comestibles
 d - a bread ration
 i - a royal jelly
 s - 7 fruits


   Skills:
 + Level 11.6 Fighting
 - Level 10.0 Short Blades
 - Level 15.6 Bows
 - Level 15.2 Dodging
 - Level 15.0 Stealth
 + Level 14.0 Spellcasting
 * Level 7.0 Conjurations
 - Level 12.6 Hexes
 - Level 10.5 Necromancy


You had 11 spell levels left.
You knew the following spells:

 Your Spells              Type           Power        Failure   Level  Hunger
a - Corona                Hex            ######.      1%          1    None
b - Ensorcelled Hibernat  Hex/Ice        #####.       1%          2    None
c - Confuse               Hex            ######..     1%          3    None
d - Tukima's Dance        Hex            ######..     1%          3    None
e - Dazzling Spray        Conj/Hex       ######..     1%          3    None
f - Bolt of Draining      Conj/Necr      #####.....   4%          5    ####...
g - Cause Fear            Hex            ######....   1%          4    None
h - Corpse Rot            Necr           N/A          1%          2    None
i - Dispel Undead         Necr           ######..     1%          5    ####...


Dungeon Overview and Level Annotations

Branches:
Dungeon (1/1)

Altars:
Cheibriados
Dithmenos
Elyvilon
Fedhas
Gozag
Kikubaaqudgha
Makhleb
Nemelex Xobeh
Okawaru
Pakellas
Qazlal
Ru
Sif Muna
Trog
Vehumet
Xom
Yredelemnul
Zin
The Shining One
Jiyva
Lugonu

Shops:
D (}??:?[

Annotations:
D Royal Jelly


Innate Abilities, Weirdness & Mutations

You are tiny and cannot use many weapons and most armour.
You have supernaturally acute eyesight.
You are a herbivore.
You cover ground extremely quickly.
You need consume almost no food.
You have large cloven feet.
You have a pair of small horns on your head.
You are partially covered in slimy green scales (AC +2).
You possess an exceptional clarity of mind.
You are resistant to hostile enchantments.
You are resistant to electric shocks.
Your muscles are strong. (Str +2)
You have acidic saliva.
Your body is mostly covered in golden eyeballs (Acc +5).
Your pliable body absorbs attacks (AC +1, EV +1).
Your skin is partially translucent (Stealth, -foe acc).
You evolve.


Message History

You are engulfed in dark miasma.
You are lethally poisoned!
You feel your flesh rotting away!
You feel as though you will be slow longer.
You feel very sick.
You are engulfed in dark miasma.
You are more poisoned.
You feel your flesh rotting away!
* * * LOW HITPOINT WARNING * * *
You feel very sick.
A skeletal warrior comes into view. It is wielding a battleaxe.
You are engulfed in dark miasma.
You are more poisoned.
* * * LOW HITPOINT WARNING * * *
x2 You feel very sick.
You hear a distant "Zot"! x2
You are engulfed in dark miasma.
You are more poisoned.
You feel your flesh rotting away!
You feel ill.
You feel as though you will be slow longer.
You die...

♣♣♣##'########
♣♣♣♣♣♣♣♣♣ #...'.≈§§§#
≈≈≈≈≈≈..# #...#.≈≈≈≈#
≈≈≈≈≈...# #...#.#§§§#
'≈≈≈≈≈####+#####§#c§§≈#
#≈≈..§.§§§.#.....#
#§§≈≈
#≈..'#######§§...# c≈≈≈
#...#.)..).#§§...# ##≈≈
....#♣♣♣._.#§J§..#
§§#c≈ #####
#####§#####§.§### ♣
#.§§§@§.)§§z# ♣
#§########### ♣♣ #§# ≈♣
#§# ♣♣ #.# ♣♣ #.# .♣
#.# .♣♣ ♣♣ #.# ♣≈♣ ≈♣
#.# ..♣♣♣♣♣♣≈♣ #.#
....§.§.≈♣ #..


You could see a skeletal warrior (dormant).

Vanquished Creatures
  Rupert (D)
  Dowan (D)
  A greater naga (D)
  Maud (D)
  Snorg (D)
  A naga warrior (D)
  2 hydras (D)
  An anaconda (D)
  A centaur warrior (D)
  3 death drakes (D)
  An unseen horror (D)
  A lindwurm (D)
  2 orc sorcerers (D)
  A deep elf mage (D)
  A guardian serpent (D)
  2 black mambas (D)
  A molten gargoyle (D)
  Duvessa (D)
  2 spiny frogs (D)
  A komodo dragon (D)
  A fire drake (D)
  3 wandering mushrooms (D)
  2 giant leeches (D)
  6 blink frogs (D)
  3 redbacks (D)
  A spriggan (D)
  A shadow (D)
  A naga (D)
  2 water moccasins (D)
  3 orc warriors (D)
  A swamp drake (D)
  A necrophage (D)
  A swamp dragon skeleton (D)
  2 centaurs (D)
  An earth elemental (D)
  An electric eel (D)
  A jelly (D)
  6 orc wizards (D)
  A wizard (D)
  A necromancer (D)
  3 humans (D)
  A kobold demonologist (D)
  2 adders (D)
  2 oozes (D)
  A phantom (D)
  7 orcs (D)
  2 rats (D)
83 creatures vanquished.

Vanquished Creatures (collateral kills)
  2 death yaks (D)
  A spriggan druid (D)
  A spriggan (D)
  A naga (D)
5 creatures vanquished.

Vanquished Creatures (others)
  3 deep elf blademasters (D)
  Gastronok (D)
  2 azure jellies (D)
  2 draconian scorchers (D)
  2 war gargoyles (D)
  Nessos (D)
  2 dire elephants (D)
  4 anacondas (D)
  2 death yaks (D)
  2 elephants (D)
  3 black mambas (D)
  3 yaktaurs (D)
  4 spriggan defenders (D)
  An orc high priest (D)
  2 blink frogs (D)
  A spatial vortex (D)
  A water moccasin (D)
  A wasp (D)
  An electric eel (D)
  32 jellies (D)
  3 orc priests (D)
  2 adders (D)
  6 ball lightnings (D)
  A bat zombie (D)
  3 bushes (D)
  A giant spore (D)
  49 plants (D)
135 creatures vanquished.

Grand Total: 223 creatures vanquished

Notes
Turn   | Place    | Note
--------------------------------------------------------------
     0 | D        | sorlin the Spriggan Enchanter began the quest for the Orb.
     0 | D        | Reached XP level 1. HP: 9/9 MP: 5/5
     8 | D        | Reached XP level 2. HP: 13/13 MP: 6/8
    16 | D        | Reached skill level 5 in Hexes
    56 | D        | Learned a level 2 spell: Ensorcelled Hibernation
   111 | D        | Reached skill level 7 in Hexes
   111 | D        | Reached XP level 3. HP: 6/16 MP: 9/9
   162 | D        | Learned a level 3 spell: Confuse
   166 | D        | Learned a level 3 spell: Tukima's Dance
   169 | D        | Killed a yaktaur
   169 | D        | Killed a white draconian scorcher
   172 | D        | Killed a white draconian scorcher
   535 | D        | Noticed a water elemental
   570 | D        | Noticed a shadow
   581 | D        | Killed a shadow
   581 | D        | Reached skill level 12 in Hexes
   581 | D        | Reached XP level 4. HP: 21/21 MP: 3/11
   581 | D        | Reached XP level 5. HP: 24/24 MP: 3/12
   668 | D        | HP: 1/24 [acid (5)]
  1135 | D        | Learned a level 3 spell: Dazzling Spray
  1135 | D        | Found a snail-covered altar of Cheibriados.
  1135 | D        | Noticed a necrophage
  1138 | D        | Found a basalt altar of Yredelemnul.
  1138 | D        | Found a blossoming altar of Fedhas.
  1146 | D        | Killed a necrophage
  1146 | D        | Reached XP level 6. HP: 28/28 MP: 5/16
  1231 | D        | Found an oddly glowing altar of Pakellas.
  1231 | D        | Found a stormy altar of Qazlal.
  1232 | D        | Found a sacrificial altar of Ru.
  1232 | D        | Found a burning altar of Makhleb.
  1232 | D        | Found a viscous altar of Jiyva.
  1232 | D        | Found a shimmering altar of Xom.
  1232 | D        | Found a shadowy altar of Dithmenos.
  1232 | D        | Found a sparkling altar of Nemelex Xobeh.
  1232 | D        | Found a corrupted altar of Lugonu.
  1232 | D        | Found an opulent altar of Gozag.
  1232 | D        | Noticed a spatial vortex
  1244 | D        | Became a worshipper of Jiyva Jauvos the Shapeless
  1260 | D        | Found an iron altar of Okawaru.
  1260 | D        | Found a bloodstained altar of Trog.
  1260 | D        | Noticed a human
  1260 | D        | Noticed a human
  1263 | D        | Killed a human
  1264 | D        | Killed a human
  1264 | D        | Reached XP level 7. HP: 32/32 MP: 17/20
  1276 | D        | Found a radiant altar of Vehumet.
  1276 | D        | Found a deep blue altar of Sif Muna.
  1276 | D        | Found an ancient bone altar of Kikubaaqudgha.
  1278 | D        | Reached skill level 10 in Short Blades
  1284 | D        | Reached skill level 5 in Stealth
  1298 | D        | Found a glowing silver altar of Zin.
  1299 | D        | Found a glowing golden altar of the Shining One.
  1299 | D        | Found a white marble altar of Elyvilon.
  1299 | D        | Noticed a deep elf mage
  1301 | D        | Killed a deep elf mage
  1309 | D        | Reached * piety under Jiyva
  1325 | D        | Noticed Snorg
  1380 | D        | Killed Snorg
  1380 | D        | Reached XP level 8. HP: 36/36 MP: 17/21
  1425 | D        | Killed an orc high priest
  1455 | D        | Learned a level 5 spell: Bolt of Draining
  1460 | D        | Learned a level 4 spell: Cause Fear
  1472 | D        | Noticed a centaur warrior
  1474 | D        | Reached skill level 1 in Fighting
  1474 | D        | Reached XP level 9. HP: 41/41 MP: 22/22
  1476 | D        | Killed a centaur warrior
  1476 | D        | Reached skill level 14 in Dodging
  1476 | D        | Reached skill level 5 in Conjurations
  1485 | D        | Reached ** piety under Jiyva
  1498 | D        | Noticed an unseen horror
  1500 | D        | Killed an unseen horror
  1500 | D        | Reached skill level 15 in Dodging
  1511 | D        | Noticed a wandering mushroom
  1515 | D        | Noticed a wandering mushroom
  1517 | D        | Noticed a wandering mushroom
  1519 | D        | Killed a wandering mushroom
  1523 | D        | Killed a war gargoyle
  1524 | D        | Killed a wandering mushroom
  1524 | D        | Reached skill level 5 in Fighting
  1525 | D        | Killed a wandering mushroom
  1525 | D        | Reached XP level 10. HP: 49/51 MP: 19/23
  1553 | D        | Killed a war gargoyle
  1579 | D        | Noticed an orc sorcerer
  1580 | D        | Found Voginneu's Magic Scroll Shop.
  1580 | D        | Noticed an orc sorcerer
  1582 | D        | Killed an orc sorcerer
  1582 | D        | Reached skill level 5 in Bows
  1736 | D        | Learned a level 2 spell: Corpse Rot
  1754 | D        | Reached skill level 1 in Necromancy
  2129 | D        | Bought a scroll of random uselessness for 12 gold pieces
  2129 | D        | Bought a scroll of identify for 24 gold pieces
  2129 | D        | Bought a scroll of identify for 24 gold pieces
  2172 | D        | Noticed a spiny frog
  2191 | D        | Noticed a spiny frog
  2191 | D        | Killed a spiny frog
  2200 | D        | Killed an orc sorcerer
  2204 | D        | Killed a spiny frog
  2252 | D        | Killed a deep elf blademaster
  2342 | D        | Reached skill level 5 in Necromancy
  2344 | D        | Reached skill level 10 in Bows
  2375 | D        | Killed a deep elf blademaster
  2692 | D        | Noticed a lindwurm
  2695 | D        | Killed a lindwurm
  2695 | D        | Reached XP level 11. HP: 60/60 MP: 25/25
  2705 | D        | Noticed Maud
  2707 | D        | Killed Maud
  2707 | D        | Reached skill level 10 in Spellcasting
  2754 | D        | Noticed Dowan
  2754 | D        | Noticed Duvessa
  2758 | D        | Killed Dowan
  2805 | D        | Reached *** piety under Jiyva
  2805 | D        | Gained mutation: Your rubbery body absorbs attacks (AC +1). [Jiyva's grace]
  2805 | D        | Reached **** piety under Jiyva
  2805 | D        | Gained mutation: You are partially covered in rough black scales (AC +4, Dex -1). [Jiyva's grace]
  2805 | D        | Reached ***** piety under Jiyva
  2805 | D        | Gained mutation: You are robust (+10% HP). [Jiyva's grace]
  2805 | D        | Lost mutation: You are robust (+10% HP). [Jiyva's grace]
  2805 | D        | Gained mutation: You have acidic saliva. [Jiyva's grace]
  2805 | D        | Reached ****** piety under Jiyva
  2806 | D        | Gained mutation: Your system is resistant to poisons. [Jiyva's grace]
  2811 | D        | Lost mutation: You are partially covered in rough black scales (AC +4, Dex -1). [Jiyva's grace]
  2811 | D        | Gained mutation: You are partially covered in slimy green scales (AC +2). [Jiyva's grace]
  2815 | D        | Gained mutation: Your spells are a little harder to cast, but a little more powerful. [Jiyva's grace]
  2823 | D        | Lost mutation: Your spells are a little harder to cast, but a little more powerful. [Jiyva's grace]
  2864 | D        | Killed Duvessa
  2871 | D        | Gained mutation: Your body is partially covered in golden eyeballs (Acc +3). [Jiyva's grace]
  2905 | D        | Noticed Rupert
  2907 | D        | Lost mutation: Your body is partially covered in golden eyeballs (Acc +3). [Jiyva's grace]
  2909 | D        | Killed Rupert
  2909 | D        | Reached skill level 10 in Fighting
  2909 | D        | Reached skill level 15 in Bows
  2918 | D        | Noticed an azure jelly
  2918 | D        | Noticed an azure jelly
  2918 | D        | Noticed an azure jelly
  2918 | D        | Noticed an azure jelly
  2925 | D        | Noticed a death yak
  2925 | D        | Noticed a death yak
  2930 | D        | Noticed an azure jelly
  2930 | D        | Noticed a shining eye
  2930 | D        | Noticed a shining eye
  2931 | D        | Noticed an acid blob
  2931 | D        | Noticed a shining eye
  2931 | D        | Noticed a shining eye
  2935 | D        | Found a viscous altar of Jiyva.
  2935 | D        | Noticed the Royal Jelly
  2943 | D        | Gained mutation: Armour fits poorly on your pseudopods. [Jiyva's grace]
  2946 | D        | Learned a level 5 spell: Dispel Undead
  2960 | D        | Noticed Gastronok
  2961 | D        | Killed Gastronok
  2962 | D        | Noticed a dire elephant
  2962 | D        | Noticed a death yak
  2965 | D        | Noticed a dire elephant
  2966 | D        | Noticed a death yak
  2968 | D        | Killed a dire elephant
  2969 | D        | Killed an azure jelly
  2970 | D        | Lost mutation: Your system is resistant to poisons. [Jiyva's grace]
  2970 | D        | Gained mutation: You are resistant to electric shocks. [Jiyva's grace]
  2970 | D        | Killed a dire elephant
  2972 | D        | Gained mutation: You are partially covered in iridescent scales (AC +4). [Jiyva's grace]
  2975 | D        | Lost mutation: You are partially covered in iridescent scales (AC +4). [Jiyva's grace]
  2978 | D        | Gained mutation: Your body is partially covered in golden eyeballs (Acc +3). [Jiyva's grace]
  2978 | D        | Gained mutation: Your skin is partially translucent (Stealth, -foe acc). [Jiyva's grace]
  2978 | D        | Gained mutation: You have large cloven feet. [Jiyva's grace]
  2997 | D        | Gained mutation: Your body is mostly covered in golden eyeballs (Acc +5). [Jiyva's grace]
  2997 | D        | Gained mutation: Your muscles are strong. (Str +2) [Jiyva's grace]
  3029 | D        | Killed a death yak
  3031 | D        | Killed a death yak
  3033 | D        | Gained mutation: You evolve. [Jiyva's grace]
  3034 | D        | Killed a death yak
  3039 | D        | Gained mutation: You possess an exceptional clarity of mind. [Jiyva's grace]
  3042 | D        | Gained mutation: You have a somewhat thin skeletal structure (Dex +2, Stealth). [Jiyva's grace]
  3043 | D        | Killed a death yak
  3045 | D        | Lost mutation: Your body is mostly covered in golden eyeballs (Acc +5). [Jiyva's grace]
  3050 | D        | Lost mutation: You possess an exceptional clarity of mind. [Jiyva's grace]
  3069 | D        | Gained mutation: Your pliable body absorbs attacks (AC +1, EV +1). [Jiyva's grace]
  3069 | D        | Gained mutation: You have a small jelly attached to you that senses nearby items. [Jiyva's grace]
  3074 | D        | Noticed an anaconda
  3074 | D        | Noticed an anaconda
  3074 | D        | Gained mutation: Your body is mostly covered in golden eyeballs (Acc +5). [Jiyva's grace]
  3075 | D        | Noticed an anaconda
  3093 | D        | Killed an anaconda
  3093 | D        | Reached XP level 12. HP: 62/68 MP: 16/29
  3104 | D        | Lost mutation: You have a small jelly attached to you that senses nearby items. [Jiyva's grace]
  3106 | D        | Killed an anaconda
  3112 | D        | Killed an anaconda
  3115 | D        | Gained mutation: Your body is completely covered in golden eyeballs (Acc +7, SInv). [Jiyva's grace]
  3118 | D        | Lost mutation: You have a somewhat thin skeletal structure (Dex +2, Stealth). [Jiyva's grace]
  3123 | D        | Reached skill level 15 in Stealth
  3139 | D        | Gained mutation: You are resistant to hostile enchantments. [Jiyva's grace]
  3157 | D        | Killed an anaconda
  3158 | D        | Gained mutation: You have a pair of small horns on your head. [Jiyva's grace]
  3160 | D        | Gained mutation: You possess an exceptional clarity of mind. [Jiyva's grace]
  3191 | D        | Killed an anaconda
  3192 | D        | Killed an azure jelly
  3246 | D        | Killed a deep elf blademaster
  3260 | D        | Noticed a naga warrior
  3260 | D        | Noticed a greater naga
  3468 | D        | Killed a naga warrior
  3517 | D        | Killed a greater naga
  3528 | D        | Found Suekhlod's Antique Weapon Boutique.
  3528 | D        | Found Xomo's Gadget Emporium.
  3530 | D        | Found Net Buck's Magic Scroll Shop.
  3538 | D        | Bought a scroll of fog for 24 gold pieces
  3550 | D        | Got a serpentine rune of Zot
  3709 | D        | Noticed a seven-headed hydra
  3709 | D        | Noticed a five-headed hydra
  3729 | D        | Killed a seven-headed hydra
  3733 | D        | Killed a five-headed hydra
  3787 | D        | Found a blossoming altar of Fedhas.
  3800 | D        | Reached skill level 10 in Necromancy
  3970 | D        | Found Biziruy's Book Emporium.
  3970 | D        | Found Wuhu Ruk's Magic Scroll Shop.
  3970 | D        | Found Opocuemae's Antique Armour Shoppe.
  4194 | D        | Killed Nessos
  4233 | D        | Lost mutation: Armour fits poorly on your pseudopods. [Jiyva's grace]
  4246 | D        | Lost mutation: Your body is completely covered in golden eyeballs (Acc +7, SInv). [Jiyva's grace]
  4288 | D        | Noticed a yaktaur captain
  4288 | D        | Noticed a yaktaur captain
  4322 | D        | Engulfed by a cloud of foul pestilence

Vault maps used:
D:        dungeon_sprint_mu

Action                   |  1- 3 |  4- 6 |  7- 9 | 10-12 || total
-------------------------+-------+-------+-------+-------++-------
Melee: Dagger            |    30 |    20 |    22 |   170 ||   242
 Cast: Ensorcelled Hiber |     1 |     1 |       |    41 ||    43
       Confuse           |     5 |     6 |     3 |    33 ||    47
       Corpse Rot        |       |       |       |     3 ||     3
       Dazzling Spray    |       |       |       |     5 ||     5
       Cause Fear        |       |       |       |     1 ||     1
       Tukima's Dance    |       |       |       |    14 ||    14
       Bolt of Draining  |       |       |       |     3 ||     3
Invok: Request Jelly     |       |       |       |     1 ||     1
Evoke: Sack of spiders   |       |       |     1 |       ||     1
  Use: Potion            |     1 |       |       |     2 ||     3
       Scroll            |       |       |       |     6 ||     6
 Stab: Sleeping          |     6 |     2 |    10 |    35 ||    53
       Confused          |     2 |     4 |     3 |    21 ||    30
       Invisible         |       |       |       |     2 ||     2
  Eat: Fruit             |       |       |       |     2 ||     2
